 Dungeon Crawl Stone Soup version 0.31.0-11-ge490571c62 (webtiles) character file.

Game seed: 3056293573897384238

9 Flugkiller the Chiller (level 2, 13/13 HPs)
             Began as a Vine Stalker Ice Elementalist on Feb 3, 2024.
             Quit the game on level 1 of the Dungeon.
             The game lasted 00:00:32 (318 turns).

Flugkiller the Chiller (VSIE)                        Turns: 318, Time: 00:00:33

Health: 13/13      AC:  2    Str: 10    XL:     2   Next: 16%
Magic:  6/6        EV: 12    Int: 15    God:
Gold:   28         SH:  0    Dex: 14    Spells: 5/6 levels left

rFire   . . .        g - +0 dagger
rCold   . . .        (no shield)
rNeg    . . .        a - +0 robe
rPois   .            (no helmet)
rElec   .            (no cloak)
rCorr   .            (no gloves)
SInv    .            (no boots)
Will    .....        (no amulet)
Stlth   ++           (no ring)
HPRegen 1.02/turn    (no ring)
MPRegen 0.10/turn

%: guardian spirit
@: no status effects
A: fangs 2, regeneration 1, magic shield, antimagic bite, no potion heal 2
a: no special abilities


You were on level 1 of the Dungeon.
You visited 1 branch of the dungeon, and saw 1 of its levels.

You collected 28 gold pieces.

Inventory:

Hand Weapons
 c - a +0 club
   (You took it off a kobold on level 1 of the Dungeon)
 g - a +0 dagger (weapon)
   (You took it off a kobold on level 1 of the Dungeon)
Armour
 a - a +0 robe (worn)
Jewellery
 h - a +6 ring of strength
   (You found it on level 1 of the Dungeon)
Scrolls
 d - a scroll of amnesia {unknown}
 e - a scroll of fog {unknown}
 f - a scroll of vulnerability {unknown}
Potions
 b - a potion of magic


   Skills:
 - Level 1.5 Dodging
 - Level 2.4 Stealth
 + Level 2.6 Spellcasting
 + Level 4.2 Ice Magic


You had 5 spell levels left.
You knew the following spells:

 Your Spells              Type           Power      Damage    Failure   Level
a - Freeze                Ice            56%        1d7       3%          1

Your spell library contained the following spells:

 Spells                   Type           Power      Damage    Failure   Level
 Frozen Ramparts          Ice            28%        1d5       11%         3
 Ozocubu's Armour         Ice            14%        N/A       11%         3
 Summon Ice Beast         Ice/Summ       8%         N/A       26%         3


Dungeon Overview and Level Annotations

Branches:
Dungeon (1/15) Zot: 5676

Altars:

Shops:
D:1 ?


Innate Abilities, Weirdness & Mutations

You have extremely sharp teeth.
Your natural rate of healing is unusually fast.
When hurt, damage is shared between your health and your magic reserves.
Your bite disrupts and absorbs the magic of your enemies.
Potions cannot restore your health.


Message History

Casting: Freeze (safe; 3% risk of failure)
Confirm with . or Enter, or press ? or * to list all spells.
Aiming: Freeze (safe; 3% risk of failure)
Press: ? - help, Shift-Dir - straight line, f - giant cockroach
Aim: a giant cockroach (moderately wounded)
You freeze the giant cockroach.
You kill the giant cockroach!
You have reached level 2!
Things that are here:
a +0 club; a goblin corpse
Found a robe.
Unknown command.
f - a scroll labelled JIMIZO UFUTEN Unknown command.
Found 3 boomerangs.
Unknown command.
Found a robe.
Unknown command.
Magic restored.
You open the door.
A kobold and a bat come into view.
There is an open door here.
The kobold shouts!
The bat closely misses you. The bat hits you but does no damage.
Casting: Freeze (safe; 3% risk of failure)
Confirm with . or Enter, or press ? or * to list all spells.
Aiming: Freeze (safe; 3% risk of failure)
Press: ? - help, Shift-Dir - straight line, f - bat
Aim: a bat You miscast Freeze.
You are very lightly contaminated with residual magic.
Nothing appears to happen.
The bat closely misses you.
Casting: Freeze (safe; 3% risk of failure)
Confirm with . or Enter, or press ? or * to list all spells.
Aiming: Freeze (safe; 3% risk of failure)
Press: ? - help, Shift-Dir - straight line, f/p - bat
Aim: a bat You freeze the bat.
The bat is heavily wounded.
The bat closely misses you.
Casting: Freeze (safe; 3% risk of failure)
Confirm with . or Enter, or press ? or * to list all spells.
Aiming: Freeze (safe; 3% risk of failure)
Press: ? - help, Shift-Dir - straight line, f - kobold, p - bat
Aim: a kobold, wielding a +0 dagger You freeze the kobold.
The kobold is severely wounded.
The bat barely misses you.
A frilled lizard comes into view.
The kobold hits you with a +0 dagger.
Casting: Freeze (safe; 3% risk of failure)
Confirm with . or Enter, or press ? or * to list all spells.
Aiming: Freeze (safe; 3% risk of failure)
Press: ? - help, Shift-Dir - straight line, f/p - kobold
Aim: a kobold, wielding a +0 dagger (severely wounded)
You freeze the kobold.
You kill the kobold!
The bat hits you but does no damage. The bat completely misses you.
Casting: Freeze (safe; 3% risk of failure)
Confirm with . or Enter, or press ? or * to list all spells.
Aiming: Freeze (safe; 3% risk of failure)
Press: ? - help, Shift-Dir - straight line, f - bat
Aim: a bat (heavily wounded)
You freeze the bat.
You kill the bat!
Casting: Freeze (safe; 3% risk of failure)
Confirm with . or Enter, or press ? or * to list all spells.
You don't have enough magic to cast this spell.
You see here a +0 dagger.
You hit the frilled lizard.
The frilled lizard is heavily wounded.
The frilled lizard barely misses you. The frilled lizard misses you.
Your magical contamination has completely faded away.
Casting: Freeze (safe; 3% risk of failure)
Confirm with . or Enter, or press ? or * to list all spells.
You don't have enough magic to cast this spell.
Casting: Freeze (safe; 3% risk of failure)
Confirm with . or Enter, or press ? or * to list all spells.
You don't have enough magic to cast this spell.
You barely miss the frilled lizard.
The frilled lizard is heavily wounded.
The frilled lizard misses you.
g - a +0 dagger (weapon)
You hit the frilled lizard.
You kill the frilled lizard!
You see here a frilled lizard corpse.
No target in view!
Found The Oracle's Delphic Readings.
There is an entrance to The Oracle's Delphic Readings here.
You open the door.
There is an open door here.
There is an open door here.
There is an open door here.
You now have 28 gold pieces (gained 12).
h - a +6 ring of strength Unknown command.
A hobgoblin comes into view.
A hobgoblin is nearby!
Are you sure you want to abandon this character and quit the game? (Confirm with "yes".)

######### #.....g.. .### #@# #.#.
#.# #..# #.# #..# ######## #.#
#..# #......# #.# #..# #.####.#
##.## #..# #.#
#.######...#########..#
###.####...............).....###
#......########...รท#######.....#


You could see a hobgoblin.

Vanquished Creatures
  A bat (D:1)
  An endoplasm (D:1)
  A giant cockroach (D:1)
  A goblin (D:1)
  A hobgoblin (D:1)
  2 kobolds (D:1)
  A frilled lizard (D:1)
8 creatures vanquished.

Notes
Turn   | Place    | Note
-------+----------+-------------------------------------------
     0 | D:1      | Flugkiller the Vine Stalker Ice Elementalist began the
                  | quest for the Orb.
     0 | D:1      | Reached XP level 1. HP: 9/9 MP: 4/4
   115 | D:1      | Reached XP level 2. HP: 13/13 MP: 2/6
   212 | D:1      | Found The Oracle's Delphic Readings.
   318 | D:1      | Quit the game

Illustrated notes

Levels and vault maps discovered:
D:1:      onia_arrival_mini_spirals, layout_loops_ring,
          chequers_serial_rivers_small_b, nicolae_nh_oracle_at_delphi

Action                     || total
---------------------------++-------
  Melee: Club              ||    23
         Bite              ||     3
         Punch             ||     1
         Dagger            ||     1
   Cast: Freeze            ||    12
 Armour: Robe              ||    18
  Dodge: Dodged            ||    28
